 Dungeon Crawl Stone Soup version 0.29-a0-732-g3d7fbe0af2 (webtiles) character file.

Game seed: 7838643561629664416

21195 coolguy69 the Covert (level 12, -1/67 HPs)
             Began as a Vine Stalker Monk on June 30, 2022.
             Was a High Priest of Okawaru.
             Killed by an exploding six-headed hydra (19 damage)
             ... ignited by their inner flame
             ... on level 2 of the Lair of Beasts.
             The game lasted 00:15:20 (10762 turns).

coolguy69 the Covert (Vine Stalker Monk)           Turns: 10762, Time: 00:15:22

Health: -1/67      AC:  9    Str: 15    XL:     12   Next: 87%
Magic:  0/25       EV: 19    Int: 10    God:    Okawaru [*****.]
Gold:   699        SH:  0    Dex: 21    Spells: 11/11 levels left

rFire   . . .      SeeInvis .   y - +7 dagger of the Spheres {venom, rPois}
rCold   . . .      Faith    .   (no shield)
rNeg    . . .      Spirit   +   D - +0 steam dragon scales
rPois   +          Reflect  .   b - +0 helmet
rElec   .          Harm     .   P - +0 cloak
rCorr   +          Rampage  .   m - +0 pair of gloves
Will    +....                   N - +0 pair of boots
Stlth   +++.......              (no amulet)
HPRegen 1.01/turn               d - ring of magical power
MPRegen 0.19/turn               a - ring of resist corrosion

@: studying Fire Magic, very slow
A: fangs 3, regeneration 1, magic shield, antimagic bite, no potion heal 2
a: Renounce Religion, Heroism, Finesse, Duel


You were on level 2 of the Lair of Beasts.
You worshipped Okawaru.
Okawaru was extremely pleased with you.
You visited 3 branches of the dungeon, and saw 14 of its levels.

You collected 699 gold pieces.

Inventory:

Hand Weapons
 y - the +7 dagger of the Spheres (weapon) {venom, rPois}
   (You took it off a goblin on level 4 of the Dungeon)

   It poisons the flesh of those it strikes.
   rPois:     It protects you from poison.
Armour
 b - a +0 helmet (worn)
 m - a +0 pair of gloves (worn)
 D - +0 steam dragon scales (worn)
 N - a +0 pair of boots (worn)
 P - a +0 cloak (worn)
Jewellery
 a - a ring of resist corrosion (right hand)
 d - a ring of magical power (left hand)
 H - a ring of poison resistance
 L - a ring of willpower
 T - a +6 ring of intelligence
 U - a ring of willpower
Wands
 e - a wand of mindburst (46)
 l - a wand of digging (13)
 I - a wand of paralysis (15)
 J - a wand of flame (30)
 K - a wand of iceblast (6)
 O - a wand of polymorph (8)
 R - a wand of light (6)
Scrolls
 g - 4 scrolls of immolation
 h - 3 scrolls of fog {unknown}
 i - 3 scrolls of brand weapon {unknown}
 j - 3 scrolls of vulnerability {unknown}
 n - 9 scrolls of teleportation {unknown}
 p - 7 scrolls of identify {unknown}
 s - 3 scrolls of noise {unknown}
 u - 5 scrolls of enchant armour {unknown}
 v - a scroll of blinking {unknown}
 A - 3 scrolls of enchant weapon {unknown}
 B - 5 scrolls of fear {unknown}
 E - a scroll of amnesia {unknown}
 F - 2 scrolls of poison {unknown}
 M - a scroll of torment {unknown}
 S - a scroll of acquirement {unknown}
Potions
 c - 2 potions of ambrosia
 f - a potion of lignification {unknown}
 k - 3 potions of invisibility
 o - 4 potions of heal wounds {unknown}
 q - 4 potions of degeneration {unknown}
 r - a potion of magic {unknown}
 t - 5 potions of curing {unknown}
 w - 2 potions of berserk rage {unknown}
 x - a potion of might {unknown}
 z - 3 potions of mutation {unknown}
 C - 2 potions of attraction {unknown}
 G - 2 potions of cancellation {unknown}
 Q - 4 potions of haste


   Skills:
 + Level 10.0 Fighting
 - Level 10.0 Short Blades
 + Level 9.1 Dodging
 + Level 13.5 Stealth
 * Level 4.5 Invocations


You had 11 spell levels left.
You didn't know any spells.
Your spell library contained the following spells:

 Spells                   Type           Power      Damage    Failure   Level
 Apportation              Tloc           0%         N/A       36%         1
 Foxfire                  Conj/Fire      0%         2x1d4     36%         1
 Necrotize                Necr           0%         1d4       36%         1
 Slow                     Hex            0%         N/A       36%         1
 Blink                    Tloc           0%         N/A       50%         2
 Sublimation of Blood     Necr           0%         N/A       50%         2
 Wereblood                Tmut           0%         N/A       50%         2
 Confusing Touch          Hex            0%         N/A       75%         3
 Conjure Flame            Conj/Fire      0%         6-21      75%         3
 Ignite Poison            Fire/Tmut/Pois 0%         N/A       75%         3
 Inner Flame              Hex/Fire       0%         N/A       75%         3
 Lesser Beckoning         Tloc           0%         N/A       75%         3
 Vampiric Draining        Necr           0%         2d6       75%         3
 Anguish                  Hex/Necr       0%         N/A       98%         4
 Flame Wave               Conj/Fire      0%         2d4       98%         4
 Sticky Flame             Conj/Fire      0%         2d3       98%         4
 Fireball                 Conj/Fire      0%         3d3       100%        5
 Manifold Assault         Tloc           0%         N/A       100%        5
 Yara's Violent Unravell  Hex/Tmut       0%         3d3       100%        5
 Starburst                Conj/Fire      0%         6d3       100%        6
 Enfeeble                 Hex            0%         N/A       100%        7
 Orb of Destruction       Conj           0%         9d5       100%        7
 Ignition                 Fire           0%         3d3       100%        8
 Summon Small Mammal      Summ           Unusable   N/A       N/A         1
 Summon Guardian Golem    Hex/Summ       Unusable   N/A       N/A         3
 Spellforged Servitor     Conj/Summ      Unusable   N/A       N/A         7
 Summon Hydra             Summ           Unusable   N/A       N/A         7

Dungeon Overview and Level Annotations

Branches:
Dungeon (11/15)            Temple (1/1) D:5            Lair (2/6) D:11
    Orc (0/2) D:9
  Swamp: Lair:2-4    Shoals: Lair:2-4     Snake: Lair:2-4    Spider: Lair:2-4

Altars:
Ashenzari
Cheibriados
Dithmenos
Elyvilon
Fedhas
Gozag
Hepliaklqana
Kikubaaqudgha
Makhleb
Nemelex Xobeh
Okawaru
Qazlal
Ru
Sif Muna
Trog
Uskayaw
Vehumet
Wu Jian
Xom
Yredelemnul
Zin
The Shining One

Annotations:
D:11 2 runed translucent doors, snetch's ghost, journeyman MiBe


Innate Abilities, Weirdness & Mutations

You have razor-sharp teeth.
Your natural rate of healing is unusually fast.
When hurt, damage is shared between your health and your magic reserves.
Your bite disrupts and absorbs the magic of your enemies.
Potions cannot restore your health.


Message History

The six-headed hydra closely misses you.
The six-headed hydra bites you but does no damage.
The six-headed hydra closely misses you.
The six-headed hydra bites you.
The six-headed hydra bites you but does no damage.
The six-headed hydra bites you!
The six-headed hydra bites you but does no damage.
The six-headed hydra misses you.
The six-headed hydra bites you but does no damage. x4
As you read the scroll labelled KUPOTZO PIEHEU, it crumbles to dust.
The creatures around you are filled with an inner flame!
It was a scroll of immolation.
Flame seeps out of the six-headed hydra.
The six-headed hydra is engulfed in blazing flames.
Flame seeps out of the six-headed hydra.
The six-headed hydra bites you! The six-headed hydra barely misses you.
The six-headed hydra bites you but does no damage. x2
The six-headed hydra bites you.
The six-headed hydra completely misses you.
Flame seeps out of the six-headed hydra.
The six-headed hydra is engulfed in blazing flames.
Flame seeps out of the six-headed hydra.
The six-headed hydra is engulfed in a cloud of scalding steam.
Flame seeps out of the six-headed hydra.
The six-headed hydra misses you. x2; The six-headed hydra bites you!
The six-headed hydra bites you but does no damage.
The six-headed hydra bites you!
* * * LOW HITPOINT WARNING * * *
The six-headed hydra completely misses you.
You hit the six-headed hydra.
Flame seeps out of the six-headed hydra. x2
You bite the six-headed hydra! You drain its power.
You feel invigorated.
The six-headed hydra is almost dead.
Your unstable footing causes you to fumble your attack.
Flame seeps out of the six-headed hydra.
The six-headed hydra is engulfed in blazing flames.
Okawaru is honoured by your kill.
The six-headed hydra explodes!
The fiery explosion engulfs you!!
You die...

##...........#.##....
#.............##....
♣♣♣.............#....
♣♣♣≈≈≈≈≈≈≈≈....P.P#
♣♣♣≈P≈≈PP≈≈P..........
♣≈≈≈≈≈≈P≈≈≈≈.....#.##..
≈≈≈≈≈≈P≈≈≈≈≈P...##.. ..
≈≈≈≈≈≈≈≈≈≈≈P....# .##
≈≈≈≈≈≈≈≈@PP.....#.
≈≈≈≈≈≈≈≈≈○§≈......
♣≈≈≈≈≈≈≈§§§≈....P.
♣≈≈≈≈≈†≈≈≈P....#.
♣P≈P≈≈≈≈≈P≈≈...#
♣♣≈≈≈≈≈≈≈≈≈≈...#
♣♣♣♣♣...........
#.........#..
#...........#


There were no monsters in sight!

Vanquished Creatures
  The ghost of Rucothra the Fighter, a journeyman DjFE of Ashenzari (Lair:1)
  2 hydras (Lair:2)
  A boulder beetle (D:11)
  The ghost of riojii the Thaumaturge, a journeyman DjAE of Makhleb (Lair:1)
  Sonja (Lair:2)
  Pikel (D:8)
  2 ugly things
  3 black mambas (Lair:1)
  3 cane toads
  A gargoyle (D:11)
  3 komodo dragons
  Maggie (D:6)
  2 kobold demonologists
  A troll (D:11)
  Grinder (D:5)
  3 hornets
  5 blink frogs (Lair:2)
  6 slime creatures
  A wraith (D:8)
  2 wyverns
  2 vampires
  15 yaks
  3 steam dragons (D:8)
  Menkaure (D:5)
  3 vampire mosquitoes (D:10)
  Edmund (D:4)
  4 water moccasins
  2 acid dragons
  A sky beast (D:8)
  6 orc warriors
  2 black bears
  15 wolves
  4 centaurs
  An ogre (D:5)
  A lemure (D:8)
  2 phantoms
  4 kobold brigands
  A necrophage (D:7)
  2 scorpions
  9 bullfrogs
  5 wights (D:8)
  5 killer bees
  An electric eel (Lair:2)
  8 howler monkeys
  4 hounds
  2 jellies (D:4)
  7 orc priests
  3 gnoll shamans
  4 iguanas
  20 orc wizards
  Robin (D:3)
  16 gnolls
  4 adders
  2 shadow imps
  2 white imps
  An ufetubus (D:5)
  2 worms (D:4)
  4 dart slugs
  29 orcs
  4 endoplasms
  7 hobgoblins
  4 jackals (D:2)
  23 kobolds
  3 quokkas
  9 ball pythons
  6 bats
  5 frilled lizards (D:2)
  14 goblins
  4 rats
319 creatures vanquished.

Vanquished Creatures (others)
  3 fungi
  4 plants (Lair:2)
7 creatures vanquished.

Grand Total: 326 creatures vanquished

Notes
Turn   | Place    | Note
-------+----------+-------------------------------------------
     0 | D:1      | coolguy69 the Vine Stalker Monk began the quest for the
                  | Orb.
     0 | D:1      | Reached XP level 1. HP: 11/11 MP: 2/2
   290 | D:1      | Reached XP level 2. HP: 16/16 MP: 3/3
   443 | D:1      | You fall into a shaft and drop 1 floor!
   446 | D:2      | Found a burning altar of Makhleb.
   513 | D:2      | Reached skill level 3 in Stealth
   838 | D:2      | Reached XP level 3. HP: 19/20 MP: 4/4
  1807 | D:3      | Noticed Robin
  1845 | D:3      | Killed Robin
  1846 | D:3      | Gained mutation: Your natural rate of healing is unusually
                  | fast. [Vine Stalker growth]
  1846 | D:3      | Reached XP level 4. HP: 5/24 MP: 3/5
  1952 | D:3      | Noticed a phantom
  1964 | D:3      | Killed a phantom
  1965 | D:3      | Reached skill level 4 in Stealth
  1965 | D:3      | Reached XP level 5. HP: 23/28 MP: 6/6
  2163 | D:3      | Found a radiant altar of Vehumet.
  2332 | D:3      | Found a sparkling altar of Nemelex Xobeh.
  2424 | D:4      | Noticed Edmund
  2440 | D:4      | Killed Edmund
  2441 | D:4      | Reached XP level 6. HP: 21/33 MP: 7/7
  2509 | D:4      | Reached skill level 5 in Stealth
  2652 | D:4      | Identified the +7 dagger of the Spheres {venom, rPois}
  2654 | D:4      | Reached XP level 7. HP: 31/37 MP: 8/8
  2849 | D:5      | Entered Level 5 of the Dungeon
  2860 | D:5      | Noticed Menkaure
  2872 | D:5      | Killed Menkaure
  2969 | D:5      | Found an ornate altar of the Wu Jian Council.
  2988 | D:5      | Noticed Grinder
  2989 | D:5      | Paralysed by Grinder for 2 turns
  3002 | D:5      | Killed Grinder
  3003 | D:5      | Reached skill level 6 in Stealth
  3101 | D:5      | Found a sand-covered staircase.
  3127 | D:5      | Gained mutation: You have razor-sharp teeth. [Vine Stalker
                  | growth]
  3127 | D:5      | Reached XP level 8. HP: 42/42 MP: 9/9
  3145 | D:5      | Found a glowing silver altar of Zin.
  3145 | D:5      | Found an opulent altar of Gozag.
  3195 | D:5      | Reached skill level 5 in Short Blades
  3230 | D:5      | Reached skill level 5 in Fighting
  3457 | D:5      | Found a staircase to the Ecumenical Temple.
  3863 | D:6      | Reached skill level 7 in Stealth
  3981 | D:6      | Reached skill level 5 in Dodging
  4095 | D:6      | Reached XP level 9. HP: 48/48 MP: 10/10
  4164 | D:6      | Noticed Maggie
  4171 | D:6      | Killed Maggie
  4172 | D:6      | Reached skill level 8 in Stealth
  4202 | D:6      | Found a basalt altar of Yredelemnul.
  4428 | D:6      | Found a broken altar of Ashenzari.
  4432 | D:6      | Saw a vision of the Shoals and the Spider Nest.
  4432 | D:6      | Noticed a merfolk
  4432 | D:6      | Noticed a merfolk siren
  4432 | D:6      | Noticed a sea snake
  4432 | D:6      | Noticed a wolf spider
  4432 | D:6      | Noticed a merfolk
  4432 | D:6      | Noticed a sea snake
  4432 | D:6      | Noticed a sea snake
  4433 | D:6      | Noticed a merfolk
  4640 | Temple   | Entered the Ecumenical Temple
  4964 | D:7      | Found a hide-covered altar of Uskayaw.
  5023 | D:7      | Noticed a hornet
  5029 | D:7      | Killed a hornet
  5596 | D:8      | Noticed a kobold demonologist
  5607 | D:8      | Killed a kobold demonologist
  5608 | D:8      | Reached skill level 9 in Stealth
  5632 | D:8      | HP: 1/41 [wight/+0 great sword (3)]
  5670 | D:8      | Reached XP level 10. HP: 25/46 MP: 4/11
  5878 | D:8      | Found a stormy altar of Qazlal.
  5901 | D:8      | Noticed Pikel
  5919 | D:8      | Killed Pikel
  6049 | D:8      | Reached skill level 10 in Stealth
  6487 | D:9      | Found a staircase to the Orcish Mines.
  6677 | D:8      | Reached skill level 11 in Stealth
  6677 | D:8      | Reached XP level 11. HP: 60/60 MP: 12/12
  6736 | D:9      | Found an iron altar of Okawaru.
  6773 | D:9      | Became a worshipper of Warmaster Okawaru
  6773 | D:9      | Reached * piety under Okawaru
  6773 | D:9      | Reached ** piety under Okawaru
  7343 | D:10     | Entered Level 10 of the Dungeon
  7607 | D:10     | Reached *** piety under Okawaru
  7635 | D:10     | Noticed a purple ugly thing
  7703 | D:10     | Killed a purple ugly thing
  8174 | D:11     | Found a runed translucent door.
  8174 | D:11     | Noticed a green ugly thing
  8189 | D:11     | Killed a green ugly thing
  8190 | D:11     | Reached skill level 12 in Stealth
  8218 | D:11     | Found a runed translucent door.
  8219 | D:11     | Noticed snetch's ghost (journeyman MiBe)
  8222 | D:11     | Noticed a tengu reaver
  8222 | D:11     | Noticed a necromancer
  8224 | D:11     | Noticed a fire giant
  8454 | D:11     | Reached **** piety under Okawaru
  8458 | D:11     | Noticed a lich
  8464 | D:11     | Noticed a centaur warrior
  8715 | D:11     | Found a staircase to the Lair.
  8924 | D:11     | Noticed a boulder beetle
  8928 | D:11     | Killed a boulder beetle
  9037 | Lair:1   | Entered Level 1 of the Lair of Beasts
  9208 | Lair:1   | Reached XP level 12. HP: 28/66 MP: 13/13
  9519 | Lair:1   | Reached ***** piety under Okawaru
  9556 | Lair:1   | Found a runed translucent gate.
  9557 | Lair:1   | Found a runed translucent gate.
  9557 | Lair:1   | Found a runed translucent gate.
  9558 | Lair:1   | Noticed Rucothra's ghost (journeyman DjFE)
  9559 | Lair:1   | Noticed riojii's ghost (journeyman DjAE)
  9748 | Lair:1   | Killed riojii's ghost
  9749 | Lair:1   | Reached skill level 13 in Stealth
  9749 | Lair:1   | Reached skill level 1 in Invocations
  9824 | Lair:1   | Killed Rucothra's ghost
  9894 | Lair:2   | Noticed a six-headed hydra
  9919 | Lair:2   | Killed a six-headed hydra
 10265 | Lair:2   | Identified the +2 pair of gloves "Ujyn" {Harm rCorr Int+3
                  | Stlth+} (Okawaru gifted it to you on level 2 of the Lair of
                  | Beasts)
 10265 | Lair:2   | Received a gift from Okawaru
 10328 | Lair:2   | Noticed Sonja
 10340 | Lair:2   | Killed Sonja
 10592 | Lair:2   | Reached skill level 10 in Short Blades
 10608 | Lair:2   | Reached skill level 10 in Fighting
 10743 | Lair:2   | Noticed a six-headed hydra
 10762 | Lair:2   | Killed a six-headed hydra
 10762 | Lair:2   | Killed by an exploding six-headed hydra... ignited by their
                  | inner flame

Illustrated notes

Levels and vault maps discovered:
D:1:      shiori_arrival_oz, layout_loops_ring, corner_web_ring,
          minmay_liquid_box
D:2:      layout_basic, basic_altar, serial_curves, eino_curves_02,
          eino_curves_01, minmay_lizard_pond
D:3:      layout_rooms, mainiacjoe_overflow_catwalk, nemelex_spade_bored_becter,
          uniq_robin
D:4:      layout_basic, uniq_edmund
D:5:      layout_loops_ring, grunt_temple_overflow_gold_and_silver,
          nzn_wu_jian_council_hall, minmay_temple_entry_trees,
          nicolae_ossuary_entry_false_entrances, uniq_grinder, uniq_menkaure
D:6:      layout_basic, mainiacjoe_overflow_small_starburst,
          grunt_ashenzari_visionary [grunt_ashenzari_visionary_shoals,
          grunt_ashenzari_visionary_spider], uniq_maggie
D:7:      layout_loops_ring, amcnicky_altar_gilded
D:8:      minmay_opposing_rooms, layout_basic,
          mainiacjoe_overflow_six_doors_small, minmay_hedge_maze,
          hangedman_decor_peaks_small, skrybe_limestone_x, nrook_mini_backslash,
          uniq_pikel
D:9:      layout_loops_ring, okawaru_gym_becter, orc_0_dummy,
          kennysheep_generic_room_4
D:10:     layout_long_grid
D:11:     layout_loops_ring, lair_entry_dummy, muffindrake_ghost_dual_entry
Temple:   nicolae_temple_no_exploring_needed
Lair:1:   layout_misc_corridors, gammafunk_ghost_cemetery
Lair:2:   layout_big_grid, chequers_serial_rivers_large_a, serial_bayou_shore_a,
          lemuel_fruit_tree, lemuel_fruit_fields, uniq_sonja

Skill      XL: |  1  2  3  4  5  6  7  8  9 10 11 12 |
---------------+-------------------------------------+-----
Stealth        | 3 4 5 6 7 9 11 12 13 | 13.5
Short Blades   | 3 4 5 6 8 9 10 | 10.0
Fighting       | 3 4 5 6 8 9 10 | 10.0
Dodging        | 3 4 5 6 7 8 9 |  9.1
Invocations    | 4 |  4.5

Action                   |  1- 3 |  4- 6 |  7- 9 | 10-12 || total
-------------------------+-------+-------+-------+-------++-------
Melee: Short sword       |   104 |    78 |    12 |       ||   194
       Bite              |    16 |    23 |    71 |   289 ||   399
       Punch             |       |     3 |     1 |    18 ||    22
       Dagger            |       |       |   224 |   751 ||   975
Invok: Heroism           |       |       |       |     1 ||     1
  Use: Potion            |       |       |     2 |     1 ||     3
       Scroll            |       |       |       |     1 ||     1
 Stab: Sleeping          |     8 |     1 |    13 |    18 ||    40
       Invisible         |       |       |     3 |     5 ||     8
       Distracted        |       |       |       |     1 ||     1
Armor: Robe              |    17 |       |       |       ||    17
       Leather armour    |    21 |    33 |    28 |       ||    82
       Steam dragon scal |       |       |    14 |   140 ||   154
Dodge: Dodged            |    93 |    54 |   128 |   516 ||   791

Table legend: (Time is in decaauts)
 A = Elapsed time spent in this place.
 B = Non-inter-level travel time spent in this place.
 C = Inter-level travel time spent in this place.
 D = Time resting spent in this place.
 E = Time spent auto-exploring this place.
 F = Levels seen in this place.
 G = Mean time per level.
                   A        B        C        D        E       F      G
               +--------+--------+--------+--------+--------+-----+--------+
         Total |  10363 |   9921 |    442 |    448 |   7484 |  14 |  740.2 |
       Dungeon |   8794 |   8368 |    426 |    257 |   6485 |  11 |  799.5 |
        Temple |      1 |      0 |      1 |      0 |      0 |   1 |    1.0 |
          Lair |   1567 |   1553 |     14 |    191 |    999 |   2 |  783.5 |
               +--------+--------+--------+--------+--------+-----+--------+

Top non-repeatable levels by time:
     D:2: 1331 daAuts
     D:8: 1186 daAuts
     D:5: 1027 daAuts
    D:11: 852 daAuts
  Lair:2: 831 daAuts
     D:6: 779 daAuts
  Lair:1: 735 daAuts
    D:10: 734 daAuts
     D:7: 703 daAuts
     D:9: 679 daAuts
     D:3: 609 daAuts
     D:4: 448 daAuts
     D:1: 441 daAuts
  Temple: 1 daAuts
